 Dungeon Crawl Stone Soup version 0.18-a0-1572-g0a86841 (webtiles) character file.

365709 4thArraOfDagon the Fencer (level 23, -5/94 HPs)
             Began as a Kobold Abyssal Knight on Mar 15, 2016.
             Was a High Priest of Makhleb.
             Slain by a tentacled starspawn (14 damage)
             ... on level 5 of the Abyss.
             The game lasted 03:50:10 (38541 turns).

4thArraOfDagon the Fencer (Kobold Abyssal Knight)  Turns: 38541, Time: 03:50:10

Health: -5/94      AC: 29    Str: 18      XL:     23   Next: 18%
Magic:  30/32      EV: 28    Int: 22 (25) God:    Makhleb [*****.]
Gold:   1632       SH: 18    Dex: 22      Spells: 5 memorised, 19 levels left

rFire  + . .     SeeInvis +     Y - +6 demon blade (pain)
rCold  + . .     Gourm    .     q - +4 pearl dragon armour
rNeg   + + .     Faith    .     L - +1 shield {reflect}
rPois  +         Spirit   .     E - +1 helmet {SInv}
rElec  .         Dismiss  .     s - +2 cloak {MR+}
rCorr  .         Reflect  +     k - +0 pair of gloves {Str+3}
SustAt .         Harm     .     U - +4 pair of boots "Qefemiep" {rN+ Int+4 SInv}
MR     ++...     Rnd*Rage +     y - amulet of regeneration
Stlth  ..........               z - ring "Gevul" {rPois Str+4 Int+3}
                                w - ring "Seps" {+Fly Int+5 Dex+2 SInv}

@: exhausted, about to teleport, slowed, very slow, very resistant to hostile
enchantments, extremely unstealthy
A: icy blue scales 1, large bone plates 1, molten scales 1, agile 1, berserk 2,
blurry vision 1, carnivore 3, cold resistance 1, deformed body, dopey 1, fire
resistance 1, frail 3, sense surroundings 1, regeneration 1, screaming 2, weak
1, no device heal 3, subdued magic 1
a: Minor Destruction, Lesser Servant of Makhleb, Major Destruction, Greater
Servant of Makhleb, Renounce Religion, Evoke Flight
}: 3/15 runes: serpentine, barnacled, abyssal


You were on level 5 of the Abyss.
You worshipped Makhleb.
Makhleb was extremely pleased with you.
You were not hungry.

You visited 7 branches of the dungeon, and saw 40 of its levels.
You visited the Abyss 3 times.
You also visited: Ice Cave and Volcano.

You collected 4679 gold pieces.
You spent 3047 gold pieces at shops.

Inventory:

Hand Weapons
 r - the +5 falchion of Courage {holy, Int+7}
   (You took it off a merfolk impaler on level 4 of the Shoals)

   It has been blessed by the Shining One to cause great damage to the undead
   and demons.
   It affects your intelligence (+7).
 x - a +6 blowgun
 Y - a +6 demon blade of pain (weapon)
Missiles
 b - 4 throwing nets (quivered)
 O - 8 curare-tipped needles
Armour
 k - a +0 pair of gloves of strength (worn)
 q - a +4 pearl dragon armour (worn)
 s - a +2 cloak of magic resistance (worn)
 E - a +1 helmet of see invisible (worn)
 L - a +1 shield of reflection (worn)
 U - the +4 pair of boots "Qefemiep" (worn) {rN+ Int+4 SInv}
   (You bought it in a shop on level 2 of the Orcish Mines)

   It affects your intelligence (+4).
   It protects you from negative energy.
   It lets you see invisible.
Rods
 f - a +5 rod of clouds (13/13)
   (You found it on level 3 of the Elven Halls)
Jewellery
 d - the ring "Esies" {rElec rN+}
   (You found it on level 3 of the Elven Halls)

   [ring of positive energy]

   It insulates you from electricity.
   It protects you from negative energy.
 j - an uncursed ring of protection from cold
 w - the ring "Seps" (left hand) {+Fly Int+5 Dex+2 SInv}
   (You found it on level 1 of the Shoals)

   [ring of flight]

   It affects your intelligence (+5).
   It affects your dexterity (+2).
   It lets you see invisible.
   It lets you fly.
 y - an amulet of regeneration (around neck)
 z - the ring "Gevul" (right hand) {rPois Str+4 Int+3}
   (You found it on level 9 of the Dungeon)

   [ring of strength]

   It affects your strength (+4).
   It affects your intelligence (+3).
   It protects you from poison.
 F - the ring "Wicaewkieck" {rF+ MP+9}
   (You found it on level 1 of the Vaults)

   [ring of magical power]

   It protects you from fire.
   It affects your magic capacity (+9).
Wands
 u - a wand of digging (2/24)
 H - a wand of iceblast (8/15)
 M - a wand of acid (2/15)
 Q - a wand of teleportation (3/9)
 S - a wand of teleportation (1/9)
Scrolls
 a - 3 scrolls of silence
 e - 10 scrolls of remove curse
 g - 2 scrolls of identify
 o - 12 scrolls of recharging
 D - 6 scrolls of blinking
 G - 7 scrolls of fear
 I - 7 scrolls of immolation
 R - a scroll of summoning
 X - 3 scrolls of fog
 Z - a scroll of teleportation
Potions
 h - 3 potions of brilliance
 i - 5 potions of flight
 l - 4 potions of heal wounds
 m - 7 potions of curing
 n - 8 potions of agility
 p - 5 potions of might
 t - 3 potions of haste
 A - 5 potions of invisibility
 C - 2 potions of magic
 K - a potion of ambrosia
 N - 4 potions of cure mutation
 V - 4 potions of berserk rage
Miscellaneous
 P - a fan of gales (inert)
 T - a plain deck of summoning {the Rangers, drawn: 2}
 W - an ornate deck of summoning {the Elements, drawn: 2}
Comestibles
 c - 16 meat rations
 v - 7 beef jerkies
 B - 13 royal jellies


   Skills:
 + Level 11.3 Fighting
 * Level 18.9 Long Blades
 + Level 9.4 Armour
 + Level 18.6 Dodging
 - Level 15.0 Shields
 - Level 4.3 Spellcasting
 - Level 3.0 Charms
 - Level 4.0 Translocations
 - Level 3.7 Transmutations
 - Level 3.2 Air Magic
 - Level 12.0 Invocations
 - Level 5.1 Evocations


You had 19 spell levels left.
You knew the following spells:

 Your Spells              Type           Power        Failure   Level  Hunger
a - Repel Missiles        Chrm/Air       ##....       16%         2    #......
b - Swiftness             Chrm/Air       ##......     16%         2    #......
c - Passage of Golubria   Tloc           N/A          86%         4    ####...
d - Apportation           Tloc           ###.......   5%          1    None
e - Passwall              Trmt/Erth      #.........   36%         2    #......


Dungeon Overview and Level Annotations

Branches:
Dungeon (15/15)            Temple (0/1) D:6            Lair (8/8) D:9
 Shoals (4/4) Lair:5        Snake (4/4) Lair:5        Slime (0/6) Lair:7
    Orc (2/2) D:9             Elf (3/3) Orc:2        Vaults (4/5) D:13
  Crypt (0/3) Vaults:3     Depths (0/5) D:15

Altars:
Gozag
Makhleb
Okawaru
Trog
Vehumet
Beogh
Jiyva
Lugonu

Shops:
D:4 *   Orc:2 *[[?   Elf:1 %   Elf:2 *   Shoals:2 :   Snake:4 (

Annotations:
D:3 Grinder
D:4 PeterLawrence's ghost, amateur MiFi
D:5 Blork the orc
D:7 Hilldric's ghost, novice DsGl
D:13 corrupted, slayr's ghost, adept TeAE
Lair:7 1 runed door
Shoals:2 corrupted
Orc:2 corrupted
Elf:1 corrupted
Elf:3 corrupted
Vaults:2 exclusion: upstairs, Mara
Abyss:1 Louise


Innate Abilities, Weirdness & Mutations

You are small and have problems with some larger weapons.
You are carnivorous and can eat meat at any time.
You are partially covered in icy blue scales (AC +1).
You are partially covered in large bone plates (AC +2, SH +2).
You are partially covered in molten scales (AC +1).
You are agile. (Dex +2)
You often lose your temper in combat.
Scrolls take you a little longer to read.
Your flesh is cold resistant.
You are dopey. (Int -2)
Your flesh is heat resistant.
You passively map a small area around you.
Your natural rate of healing is unusually fast.
Your spells are a little easier to cast, but a little less powerful.
[Armour fits poorly on your strangely shaped body.]
[You are extremely frail (-30% HP).]
[You sometimes yell uncontrollably at your foes.]
[You are weak. (Str -2)]
[Potions and wands cannot restore your health.]


Message History

Unknown command.
Evoke which item? (* to show all) (? for menu, Esc to quit)
A fierce wind blows from the fan.
The smoke demon is blown away by the wind.
The thrashing horror collides with the thrashing horror!
The large abomination collides with the large abomination!
The winds coalesce and take form.
The thrashing horror closely misses you.
The thrashing horror misses you.
You block the thrashing horror's attack.
The thrashing horror closely misses you.
The thrashing horror completely misses you.
You block the thrashing horror's attack.
The thrashing horror tramples you but does no damage.
The thrashing horror barely misses you. The smoke demon closely misses you.
You block the smoke demon's attack. The smoke demon completely misses you.
The thrashing horror tramples you but does no damage.
The thrashing horror closely misses you.
The tentacled starspawn bites you!
You die...

#v ## # ... #.
#E## # ≈X#
#.#X## #
#[##E##3##w##.#
#≈..≈.XX@X≈..3#
#.##.##X##w##$#
#.### # / ##


You could see a tentacled starspawn, 3 thrashing horrors, 2 large abominations,
2 smoke demons, 2 starspawn tentacles and 2 friendly air elementals.

Vanquished Creatures
  Xtahua (Vaults:3)
  Jorgrun (Elf:3)
  Asterion (Elf:3)
  2 sphinxes
  A deep elf master archer (Elf:3)
  6 tentacled starspawn
  A shadow dragon (Vaults:2)
  The ghost of M4edhros the Unseen, an adept OpCK of Gozag (Snake:2)
  8 greater nagas (Snake:4)
  2 fire giants
  An orc warlord (Orc:1)
  Donald (Orc:2)
  4 deep elf sorcerers
  6 vault wardens
  Wiglaf (Vaults:2)
  2 deep elf elementalists (Elf:3)
  A draconian annihilator (Abyss:5)
  9 ironheart preservers
  A very ugly thing (Vaults:2)
  4 stone giants
  2 salamander stormcallers
  6 deep elf demonologists
  A deep elf annihilator (Elf:3)
  3 deep elf death magi (Elf:3)
  3 merfolk javelineers
  Snorg (Orc:2)
  A vault guard (Vaults:3)
  Josephine (Orc:2)
  A crystal guardian (Vaults:3)
  10 merfolk impalers
  4 great orbs of eyes
  3 fire dragons
  4 yaktaur captains
  An ice dragon (Vaults:3)
  4 centaur warriors
  8 merfolk avatars
  15 naga warriors
  6 ogre magi
  8 merfolk aquamancers
  3 death knights
  8 anacondas
  8 dancing weapons
  4 satyrs
  2 alligator snapping turtles (Shoals:4)
  A deep troll shaman (Vaults:2)
  3 deep troll earth magi
  15 death yaks
  2 tengu warriors (D:15)
  A queen ant (D:12)
  2 orc high priests
  2 shock serpents
  10 naga sharpshooters
  4 thrashing horrors
  8 wretched stars
  13 deep elf knights
  3 fire crabs
  4 skeletal warriors (D:13)
  Sonja (Orc:2)
  A wizard (Vaults:1)
  2 salamander mystics
  13 sea snakes
  A giant orange brain (Vaults:2)
  A spatial maelstrom (Abyss:5)
  A swamp dragon (shapeshifter) (Elf:2)
  11 deep trolls
  3 unseen horrors
  A flayed ghost (D:9)
  8 ironbrand convokers
  6 naga ritualists
  3 deep elf archers
  7 hill giants
  A necromancer (Vaults:3)
  12 orc knights
  13 large abominations
  8 mana vipers
  13 harpies
  A phantasmal warrior (Vaults:3)
  A mana viper (shapeshifter) (Elf:3)
  28 ugly things
  A shadow dragon skeleton (Vaults:3)
  3 wolf spiders
  A hornet (Vaults:1)
  3 wolf spider zombies
  55 deep elf magi
  6 orc sorcerers
  7 cyclopes
  9 manticores
  12 griffons
  12 fauns
  8 sirens
  2 guardian serpents
  8 salamanders
  9 elephants
  30 black mambas
  4 water nymphs
  25 naga magi
  3 centaur zombies
  A smoke demon (Abyss:5)
  21 spiny frogs
  A gargoyle (D:13)
  8 vault sentinels
  A human zombie (Vaults:3)
  A yaktaur zombie (Vaults:3)
  A kobold demonologist (D:12)
  5 komodo dragons
  2 freezing wraiths
  A tengu conjurer (D:13)
  22 yaktaurs
  A hellwing (Abyss:5)
  6 giant leeches (Lair:8)
  2 ancient zymes (Abyss:5)
  5 trolls
  A troll (shapeshifter) (Vaults:1)
  A queen bee (Abyss:5)
  51 merfolk
  8 two-headed ogres
  2 wind drakes
  A polar bear (D:14)
  23 slime creatures
  A raiju (Abyss:5)
  18 blink frogs
  A centaur simulacrum (D:14)
  11 snapping turtles
  2 boulder beetles
  Sigmund (D:4)
  3 air elementals
  2 shadows
  A flying skull (Vaults:3)
  A spriggan (shapeshifter) (Vaults:3)
  A vampire (D:12)
  2 wyverns
  17 water elementals
  7 wraiths
  46 yaks
  2 fire bats (Shoals:3)
  2 humans (D:12)
  2 basilisks (Lair:1)
  3 fire elementals
  A neqoxec (Abyss:4)
  2 steam dragons
  17 hippogriffs
  31 vampire mosquitoes
  3 hungry ghosts
  2 wargs (Orc:2)
  6 mottled dragons
  5 soldier ants
  52 nagas
  16 water moccasins
  7 porcupines
  A hell hound (shapeshifter) (Vaults:3)
  43 orc warriors
  9 sky beasts
  An ice beast (shapeshifter) (D:14)
  An eye of draining (D:13)
  4 black bears
  14 ice beasts
  A necrophage (D:13)
  4 phantoms
  An eye of draining (shapeshifter) (Vaults:3)
  3 boggarts (Vaults:2)
  32 ogres
  11 wolves
  A human skeleton (Vaults:3)
  24 centaurs
  9 crocodiles
  A big kobold (D:12)
  30 giant frogs
  6 earth elementals
  A wyvern zombie (D:13)
  A wyvern skeleton (D:14)
  3 scorpions
  15 killer bees
  5 wights (D:11)
  An elf simulacrum (Vaults:3)
  7 electric eels
  13 howler monkeys
  6 jellies
  12 crimson imps
  A giant frog zombie (D:12)
  7 hounds
  5 starcursed masses
  27 orc priests
  4 centaur skeletons
  2 giant frog skeletons
  14 orc wizards
  9 iguanas
  34 worker ants
  16 sheep
  2 hound skeletons
  10 gnolls
  13 adders
  32 river rats
  3 shadow imps
  3 white imps (D:14)
  7 oozes
  An adder zombie (D:7)
  An adder skeleton (D:4)
  2 worms (D:2)
  A dart slug (D:1)
  4 giant geckos
  101 orcs
  6 giant cockroaches
  3 hobgoblins
  15 jackals
  10 kobolds
  8 quokkas
  A ball python (D:3)
  2 bats
  A giant cockroach zombie (D:5)
  A giant gecko zombie (D:6)
  2 giant newts
  2 goblins (D:1)
  A jackal skeleton (D:8)
  A quokka skeleton (D:4)
  A quokka zombie (D:5)
  3 rats
  2 plants
1611 creatures vanquished.

Vanquished Creatures (collateral kills)
  A tentacled starspawn (Vaults:3)
  A sphinx (Vaults:4)
  Ilsuiw (Shoals:4)
  An ironheart preserver (Vaults:3)
  A centaur warrior (Vaults:3)
  A deep elf knight (Vaults:3)
  3 ironbrand convokers
  A deep elf mage (Vaults:3)
  3 vault sentinels
  4 yaktaurs
  A human skeleton (Vaults:3)
  A raiju (Abyss:5)
  4 vampire mosquitoes
  An orc warrior (Vaults:2)
  An ogre (Vaults:2)
  3 centaurs (Vaults:3)
  A small abomination (Vaults:2)
  4 starcursed masses (Vaults:2)
  An orc priest (Vaults:2)
  An orc (Vaults:2)
35 creatures vanquished.

Vanquished Creatures (others)
  Saint Roka (Orc:2)
  2 deep elf blademasters (Elf:3)
  A deep elf master archer (Elf:3)
  Frances (D:13)
  A deep elf elementalist (Elf:3)
  A deep elf demonologist (Elf:3)
  2 deep elf annihilators (Elf:3)
  A deep elf death mage (Elf:3)
  A merfolk impaler (Shoals:2)
  2 deep elf high priests (Elf:3)
  6 hydras
  A naga warrior (Snake:1)
  A centaur warrior (D:14)
  An alligator snapping turtle (Shoals:4)
  3 dancing weapons
  A death knight (Abyss:5)
  A merfolk aquamancer (Shoals:4)
  2 satyrs
  3 orc high priests (Orc:2)
  3 shock serpents
  3 naga sharpshooters
  A deep elf knight (Elf:2)
  A fire crab (shapeshifter) (D:14)
  A salamander mystic (D:14)
  2 unseen horrors
  A skeletal warrior (D:14)
  10 deep elf archers
  2 hill giants
  A harpy (Shoals:2)
  A large abomination (Abyss:5)
  2 ugly things
  5 deep elf magi
  A griffon (D:13)
  2 fauns
  3 cyclopes
  2 sirens (Lair:5)
  A gargoyle (D:10)
  A kobold demonologist (D:14)
  An efreet (D:14)
  3 yaktaurs
  5 merfolk
  2 trolls (Orc:2)
  4 slime creatures
  An air elemental (Elf:1)
  A snapping turtle (Shoals:2)
  A centaur simulacrum (D:14)
  A wyvern (D:8)
  A redback simulacrum (D:14)
  A naga (Snake:1)
  12 orc warriors
  A centaur (Vaults:3)
  3 giant frogs
  2 jellies (D:9)
  A wyvern skeleton (D:13)
  2 killer bees (Abyss:5)
  12 orc priests (Orc:2)
  5 orc wizards (Orc:2)
  9 orcs
  A bush (Shoals:1)
  4 fungi (Lair:8)
  12 plants
  40 starspawn tentacles
  372 starspawn tentacle segments
  24 tentacles (Shoals:2)
  891 tentacle segments (Shoals:2)
1487 creatures vanquished.

Grand Total: 3133 creatures vanquished

Notes
Turn   | Place    | Note
--------------------------------------------------------------
     0 | Abyss:1  | 4thArraOfDagon the Kobold Abyssal Knight began the quest for the Orb.
     0 | Abyss:1  | Reached XP level 1. HP: 14/14 MP: 2/2
    28 | Abyss:1  | Found a corrupted altar of Lugonu.
    30 | Abyss:1  | Noticed an iron dragon zombie
    78 | Abyss:2  | Noticed a smoke demon
    86 | D:1      | Escaped the Abyss
   168 | D:1      | Reached skill level 1 in Armour
   170 | D:1      | Reached XP level 2. HP: 13/19 MP: 3/3
   215 | D:1      | Reached * piety under Lugonu
   289 | D:1      | Reached XP level 3. HP: 19/23 MP: 4/4
   873 | D:2      | Reached XP level 4. HP: 21/28 MP: 5/5
  1315 | D:3      | Reached XP level 5. HP: 32/32 MP: 7/7
  1639 | D:3      | Noticed Grinder
  1745 | D:4      | Found an iron altar of Okawaru.
  1747 | D:4      | Noticed Sigmund
  1813 | D:4      | Killed Sigmund
  1813 | D:4      | Reached XP level 6. HP: 28/37 MP: 8/8
  2123 | D:5      | Entered Level 5 of the Dungeon
  2131 | D:5      | Reached ** piety under Lugonu
  2163 | D:4      | Found Kikul's Elemental Accessories.
  2167 | D:4      | Noticed PeterLawrence's ghost (amateur MiFi)
  2236 | D:4      | Reached XP level 7. HP: 36/41 MP: 9/9
  2332 | D:5      | Found a bloodstained altar of Trog.
  2740 | D:5      | Noticed Blork the orc
  3008 | D:5      | Reached XP level 8. HP: 25/46 MP: 11/11
  3026 | D:5      | Reached skill level 5 in Long Blades
  3166 | D:5      | Reached skill level 5 in Dodging
  3289 | D:5      | Reached *** piety under Lugonu
  3289 | D:5      | Reached skill level 5 in Invocations
  3437 | D:6      | Gained mutation: Your magical capacity is low (-10% MP). [mutagenic meat]
  3438 | D:6      | Gained mutation: [You are frail (-10% HP).] [mutagenic meat]
  3439 | D:6      | Gained mutation: You are resistant to electric shocks. [mutagenic meat]
  3440 | D:6      | Gained mutation: You are dopey. (Int -2) [mutagenic meat]
  3487 | D:6      | WOAH
  3838 | D:6      | Found a staircase to the Ecumenical Temple.
  3941 | D:7      | Noticed Hilldric's ghost (novice DsGl)
  4091 | D:6      | Reached XP level 9. HP: 46/46 MP: 10/11
  4511 | D:7      | Reached skill level 5 in Fighting
  4651 | D:7      | Reached **** piety under Lugonu
  4979 | D:7      | Reached XP level 10. HP: 25/53 MP: 13/13
  5525 | D:8      | Reached skill level 1 in Spellcasting
  5568 | D:8      | Learned a level 2 spell: Repel Missiles
  5728 | D:8      | Gained mutation: You are partially covered in large bone plates (AC +2, SH +2). [potion of mutation]
  5728 | D:8      | Lost mutation: You are resistant to electric shocks. [potion of mutation]
  6242 | D:9      | Lost mutation: [You are frail (-10% HP).] [mutagenic meat]
  6318 | D:9      | Reached ***** piety under Lugonu
  6322 | D:9      | Found a staircase to the Orcish Mines.
  6343 | D:9      | ROTFL
  6563 | D:9      | Found a large runed door.
  6563 | D:9      | Found a large runed door.
  6694 | D:9      | HP: 2/61 [jackal (3)]
  6882 | D:9      | Reached XP level 11. HP: 20/65 MP: 15/15
  6890 | D:9      | Got a smoking granite ring
  6891 | D:9      | Identified the ring "Gevul" {rPois Str+4 Int+3} (You found it on level 9 of the Dungeon)
  6926 | D:9      | Learned a level 2 spell: Swiftness
  6930 | D:9      | Learned a level 3 spell: Conjure Flame
  7009 | D:10     | Entered Level 10 of the Dungeon
  7227 | D:10     | Banished an unseen horror
  7298 | D:10     | Noticed a hill giant
  7299 | D:10     | Banished a hill giant
  7348 | D:10     | Reached skill level 1 in Air Magic
  7361 | D:10     | Reached skill level 1 in Charms
  7797 | D:11     | Noticed a manticore
  7813 | D:11     | Killed a manticore
  7813 | D:11     | Reached skill level 5 in Armour
  7835 | D:11     | Noticed a hill giant
  7836 | D:11     | Banished a hill giant
  8596 | D:12     | Noticed a death yak
  8596 | D:12     | Noticed a death yak
  8597 | D:12     | Noticed a death yak
  8597 | D:12     | Noticed a death yak
  8599 | D:12     | Noticed a death yak
  8887 | D:12     | Noticed a four-headed hydra
  8887 | D:12     | Banished a four-headed hydra
  8887 | D:12     | Reached XP level 12. HP: 72/72 MP: 16/16
  9039 | D:12     | Killed an unseen horror
  9159 | D:12     | Noticed a queen ant
  9183 | D:12     | Killed a queen ant
  9558 | D:13     | Reached XP level 13. HP: 78/78 MP: 17/17
  9572 | D:13     | Noticed Frances
  9596 | D:13     | Corrupted D:13
  9596 | D:13     | Noticed a green death
  9596 | D:13     | Noticed a brown very ugly thing
  9599 | D:13     | Noticed a brown very ugly thing
  9602 | D:13     | Killed Frances
  9622 | D:13     | Noticed a tentacled starspawn
  9742 | D:13     | Noticed slayr's ghost (adept TeAE)
  9910 | D:12     | Reached skill level 1 in Evocations
 10140 | D:14     | Noticed a centaur warrior
 10355 | D:13     | Found a gate to the Vaults.
 10449 | D:14     | Banished a centaur warrior
 10462 | D:13     | Reached skill level 10 in Dodging
 10488 | D:14     | Gained mutation: You are partially covered in icy blue scales (AC +1). [mutagenic meat]
 10589 | D:14     | Reached skill level 10 in Long Blades
 10646 | D:14     | Turgon: Congrats to NaEn win
 10646 | D:14     | Reached XP level 14. HP: 48/84 MP: 18/18
 10930 | D:14     | Found a frozen archway.
 10934 | IceCv    | Entered an ice cave
 10948 | IceCv    | Reached skill level 5 in Evocations
 11053 | D:14     | 4thArraOfDagon: hi
 11053 | D:14     | 4thArraOfDagon: o thx
 11053 | D:14     | 4thArraOfDagon: i thought you've spected this
 11262 | D:14     | Turgon: only up to the last rune iirc
 11312 | D:14     | Turgon: I expected no problems in Zot however
 11370 | D:14     | Gained mutation: You possess an exceptional clarity of mind. [mutagenic meat]
 11371 | D:14     | Gained mutation: You tend to lose your temper in combat. [mutagenic meat]
 11372 | D:14     | Turgon: so I logged out
 11648 | D:14     | Reached skill level 10 in Invocations
 11702 | D:14     | Lost mutation: Your magical capacity is low (-10% MP). [mutagenic meat]
 11703 | D:14     | Gained mutation: You are agile. (Dex +2) [mutagenic meat]
 11704 | D:14     | Lost mutation: You possess an exceptional clarity of mind. [mutagenic meat]
 11705 | D:14     | Gained mutation: You are partially covered in molten scales (AC +1). [mutagenic meat]
 11706 | D:14     | 4thArraOfDagon: i encountered problems in zot
 11706 | D:14     | Turgon: Are these enough AC to compensate for berserkitis!?
 11706 | D:14     | 4thArraOfDagon: run out of consumables
 11706 | D:14     | Turgon: I remember you were short of hw
 11706 | D:14     | 4thArraOfDagon: but luckily had zig figurine to escape with 40hp
 11706 | D:14     | 4thArraOfDagon: and restore hp
 11706 | D:14     | Turgon: oh
 11762 | D:14     | Noticed a salamander stormcaller
 11845 | D:14     | Killed a salamander stormcaller
 11938 | D:14     | Gained mutation: You are somewhat resistant to further mutation. [mutagenic meat]
 11939 | D:14     | Gained mutation: You often lose your temper in combat. [mutagenic meat]
 12092 | D:15     | Entered Level 15 of the Dungeon
 12814 | D:15     | Reached XP level 15. HP: 92/92 MP: 22/22
 12884 | D:15     | Reached skill level 10 in Fighting
 12902 | D:15     | Found a staircase to the Depths.
 13472 | D:13     | hmm
 13523 | D:13     | Lost mutation: You are agile. (Dex +2) [mutagenic meat]
 13851 | Orc:1    | Entered Level 1 of the Orcish Mines
 13976 | Orc:2    | Entered Level 2 of the Orcish Mines
 14064 | Orc:2    | Noticed Sonja
 14070 | Orc:2    | Killed Sonja
 14212 | Orc:2    | Reached ****** piety under Lugonu
 14473 | Orc:2    | Found a roughly hewn altar of Beogh.
 14571 | Orc:2    | Found Nept's Antique Armour Emporium.
 14575 | Orc:2    | Bought a pair of faintly glowing boots for 285 gold pieces
 14580 | Orc:2    | Identified the +4 pair of boots "Qefemiep" {rN+ Int+4 SInv} (You bought it in a shop on level 2 of the Orcish Mines)
 14603 | Orc:2    | Found Wiybbe Giebb's Assorted Antiques.
 14709 | Orc:2    | Noticed Snorg
 14734 | Orc:2    | Killed Snorg
 15107 | Orc:2    | Noticed Donald
 15147 | Orc:2    | Killed Donald
 15181 | Orc:2    | Noticed Josephine
 15202 | Orc:2    | Killed Josephine
 15232 | Orc:2    | Reached skill level 1 in Shields
 15268 | Orc:2    | Noticed Saint Roka
 15272 | Orc:2    | Corrupted Orc:2
 15272 | Orc:2    | Noticed a deep elf elementalist
 15275 | Orc:2    | Noticed a tentacled starspawn
 15276 | Orc:2    | Noticed a tentacled starspawn
 15281 | Orc:2    | Killed Saint Roka
 15395 | Orc:2    | Found a roughly hewn altar of Beogh.
 15435 | Orc:2    | Found Cucsamef's Magic Scroll Shoppe.
 15563 | Orc:2    | Found Kauzixiz's Antique Armour Emporium.
 15572 | Orc:2    | Bought a shiny helmet for 126 gold pieces
 15583 | Orc:2    | Bought a shiny shield for 126 gold pieces
 16049 | Orc:1    | Reached XP level 16. HP: 43/100 MP: 24/24
 16413 | Orc:2    | Bought a scroll of acquirement for 884 gold pieces
 16413 | Orc:2    | Bought a scroll of teleportation for 51 gold pieces
 16413 | Orc:2    | Bought a scroll of identify for 34 gold pieces
 16413 | Orc:2    | Bought a scroll of identify for 34 gold pieces
 16413 | Orc:2    | Bought a scroll of identify for 34 gold pieces
 16413 | Orc:2    | Bought a scroll of identify for 34 gold pieces
 16413 | Orc:2    | Bought a scroll of identify for 34 gold pieces
 16413 | Orc:2    | Bought a scroll of identify for 34 gold pieces
 16577 | D:9      | Found a radiant altar of Vehumet.
 16580 | D:9      | Found a burning altar of Makhleb.
 16623 | D:9      | Found a staircase to the Lair.
 16633 | Lair:1   | Entered Level 1 of the Lair of Beasts
 17079 | Lair:2   | Got an ancient lapis lazuli ring
 17080 | Lair:2   | Identified the ring "Doetig" {SustAt rPois Int-4 SInv} (You found it on level 2 of the Lair of Beasts)
 17309 | Lair:2   | Turgon: holla
 17319 | Lair:2   | Turgon: early pearl DA
 17327 | Lair:2   | 4thArraOfDagon: actually
 17327 | Lair:2   | 4thArraOfDagon: two pda's
 17327 | Lair:2   | 4thArraOfDagon: another on d:9
 17327 | Lair:2   | 4thArraOfDagon: that one was at d:3
 17327 | Lair:2   | 4thArraOfDagon: :)
 17346 | Lair:2   | Turgon: You should admit that you have been in holy pan and butchered a pearl dragon
 17368 | Lair:2   | Found a dark tunnel.
 17373 | Volcano  | Entered a volcano
 17374 | Volcano  | 4thArraOfDagon: yes
 17374 | Volcano  | Turgon: probably after butchering the seraph
 17374 | Volcano  | 4thArraOfDagon: if devs will ask ill use that argument
 17374 | Volcano  | 4thArraOfDagon: its not bug at all, i went to the bottom of pan and butchered pearl dragon, totally
 17673 | Lair:2   | 4thArraOfDagon: oh i forgot chat logs are saved in the file :(
 17675 | Lair:2   | Gained mutation: Your flesh is cold resistant. [potion of mutation]
 17987 | Lair:4   | Turgon: Do you have berserkitis 1 or 2?
 18016 | Lair:4   | Learned a level 1 spell: Apportation
 18441 | Lair:5   | Found a staircase to the Snake Pit.
 18760 | Lair:5   | 4thArraOfDagon: 2
 18928 | Lair:7   | 4thArraOfDagon: i can live with that
 19157 | Lair:7   | Reached skill level 5 in Shields
 19192 | Lair:7   | Found a runed door.
 19192 | Lair:7   | Found a viscous altar of Jiyva.
 19192 | Lair:7   | Found a staircase to the Slime Pits.
 19480 | Lair:8   | Entered Level 8 of the Lair of Beasts
 19914 | Lair:8   | Turgon: This looks like this swamp/island ending
 19943 | Lair:8   | Turgon: which is not that easy
 19971 | Lair:8   | Turgon: and needs patience
 20071 | Lair:8   | Reached XP level 17. HP: 101/104 MP: 26/26
 20443 | Lair:8   | Got a distressingly furry scale mail
 20472 | Lair:8   | Identified the +2 scale mail "Ytematoxt" {rCorr} (You found it on level 8 of the Lair of Beasts)
 21079 | Lair:5   | Found a staircase to the Shoals.
 21088 | Shoals:1 | Entered Level 1 of the Shoals
 21245 | Shoals:1 | Got a steaming turquoise ring
 21246 | Shoals:1 | Identified the ring "Seps" {+Fly Int+5 Dex+2 SInv} (You found it on level 1 of the Shoals)
 21382 | Shoals:1 | Got a pair of distressingly furry boots
 21383 | Shoals:1 | Identified the +0 pair of boots of Happiness {*Confuse +Inv rN+} (You found it on level 1 of the Shoals)
 21751 | Shoals:2 | Found Yghuaxer's Book Shop.
 21837 | Shoals:2 | Noticed a kraken
 22585 | Shoals:2 | Found an opulent altar of Gozag.
 22663 | Shoals:2 | Found a bloodstained altar of Trog.
 22738 | Shoals:2 | You fall through a shaft!
 22739 | Shoals:3 | :O
 23184 | Shoals:3 | Reached XP level 18. HP: 110/110 MP: 27/27
 23380 | Shoals:2 | Corrupted Shoals:2
 23382 | Shoals:2 | Noticed a profane servitor
 23870 | Shoals:4 | Entered Level 4 of the Shoals
 24175 | Shoals:4 | Reached skill level 15 in Long Blades
 24241 | Shoals:4 | Noticed Ilsuiw
 24298 | Shoals:4 | Killed Ilsuiw
 24298 | Shoals:4 | Reached skill level 15 in Dodging
 24925 | Shoals:4 | Reached skill level 10 in Shields
 25067 | Shoals:4 | Noticed Louise
 25094 | Shoals:4 | Banished Louise
 25178 | Shoals:4 | Got an iridescent falchion {holy}
 25179 | Shoals:4 | Identified the +5 falchion of Courage {holy, Int+7} (You took it off a merfolk impaler on level 4 of the Shoals)
 25345 | Shoals:4 | Got a barnacled rune of Zot
 25862 | Snake:1  | Entered Level 1 of the Snake Pit
 25941 | Snake:1  | Reached XP level 19. HP: 114/114 MP: 28/28
 26089 | Snake:2  | Noticed M4edhros's ghost (adept OpCK)
 26118 | Snake:2  | Killed M4edhros's ghost
 26551 | Snake:3  | Got a crude scale mail
 26566 | Snake:3  | Identified the +2 scale mail of the Forgotten Ships {Str+6} (You found it on level 3 of the Snake Pit)
 27002 | Snake:4  | Entered Level 4 of the Snake Pit
 27116 | Snake:4  | Found Wetiun's Antique Weapon Boutique.
 27416 | Snake:3  | Lost mutation: You are somewhat resistant to further mutation. [mutagenic meat]
 27417 | Snake:3  | Gained mutation: You passively map a small area around you. [mutagenic meat]
 27418 | Snake:3  | Gained mutation: Your flesh is heat resistant. [mutagenic meat]
 27419 | Snake:3  | Gained mutation: You have large cloven feet. [mutagenic meat]
 27633 | Snake:4  | poirepourri: is it me or the server is lagging?
 27638 | Snake:4  | poirepourri: ?
 27847 | Snake:4  | 4thArraOfDagon: it seems cool for me
 27847 | Snake:4  | 4thArraOfDagon: however
 27847 | Snake:4  | 4thArraOfDagon: i know that my browser is lagging so i'm not really entitled to answer
 27847 | Snake:4  | 4thArraOfDagon: its just my fault
 28057 | Snake:4  | Reached XP level 20. HP: 72/120 MP: 29/29
 28251 | Snake:4  | poirepourri: ok thanks
 28260 | Snake:4  | poirepourri: i'll try firefox
 28272 | Snake:4  | 4thArraOfDagon: i recognized chrome to be best for me
 28272 | Snake:4  | 4thArraOfDagon: at least for dcss
 28355 | Snake:4  | Got a serpentine rune of Zot
 29306 | Orc:2    | Found a staircase to the Elven Halls.
 29320 | Elf:1    | Entered Level 1 of the Elven Halls
 29669 | Elf:1    | Corrupted Elf:1
 29875 | Elf:3    | Entered Level 3 of the Elven Halls
 29894 | Elf:2    | Found Palyt's Assorted Antiques.
 29905 | Elf:2    | Bought a fizzy puce potion for 19 gold pieces
 29905 | Elf:2    | Bought 2 pink potions for 39 gold pieces
 30044 | Elf:1    | Got a warped ring mail
 30142 | Elf:3    | Noticed Asterion
 30420 | Elf:2    | Identified the +4 ring mail of Lezopn {rElec rPois rF+ Int-4} (You found it on level 1 of the Elven Halls)
 30574 | Elf:2    | Gained mutation: [You are frail (-10% HP).] [mutagenic meat]
 30647 | Elf:1    | Found Noushy's Food Emporium.
 30875 | Elf:3    | Noticed Jorgrun
 30887 | Elf:3    | Killed Jorgrun
 30913 | Elf:3    | Killed Asterion
 31327 | Elf:3    | Turgon: Still berserkitis?
 31336 | Elf:3    | Turgon: Mutation gambler!
 31337 | Elf:3    | 4thArraOfDagon: yeah
 31337 | Elf:3    | 4thArraOfDagon: :/
 31337 | Elf:3    | 4thArraOfDagon: and frail
 31337 | Elf:3    | 4thArraOfDagon: but rc rf
 31350 | Elf:3    | Turgon: berserk gives you more HP in exchange for being frail
 31353 | Elf:3    | Turgon: ;-)
 31433 | Elf:3    | Reached XP level 21. HP: 77/111 MP: 30/30
 31476 | Elf:3    | Turgon: Btw, a nasty no-killhole-E:3
 31480 | Elf:3    | 4thArraOfDagon: i have to get back for relect
 31503 | Elf:3    | 4thArraOfDagon: no killhole
 31576 | Elf:2    | Turgon: Consider the waste of turns!!
 31576 | Elf:2    | Turgon: ;-)
 31576 | Elf:2    | 4thArraOfDagon: :S
 31578 | Elf:2    | 4thArraOfDagon: no
 31578 | Elf:2    | 4thArraOfDagon: just no
 31578 | Elf:2    | 4thArraOfDagon: :)
 31735 | Elf:3    | Turgon: I know a player who stepped on alarm traps just for saving a few turns
 31753 | Elf:3    | Turgon: just some months ago
 31964 | Elf:3    | Turgon: laja dist
 31988 | Elf:3    | Turgon: doesn't sound bad, especially with Lug
 32172 | Elf:3    | Corrupted Elf:3
 32172 | Elf:3    | Noticed a bone dragon
 32172 | Elf:3    | Noticed a bone dragon
 32184 | Elf:3    | Noticed a bone dragon
 32185 | Elf:3    | Noticed an ancient lich
 32327 | Elf:3    | Got a shimmering ring mail
 32338 | Elf:3    | Identified the +4 ring mail of Repe {Int+4 Stlth+} (You took it off a deep elf master archer on level 3 of the Elven Halls)
 32383 | Elf:3    | Learned a level 4 spell: Passage of Golubria
 32386 | Elf:3    | Learned a level 2 spell: Passwall
 32463 | Elf:3    | Got a crude marble ring
 32464 | Elf:3    | Identified the ring "Esies" {rElec rN+} (You found it on level 3 of the Elven Halls)
 32487 | Elf:3    | Identified a +5 rod of clouds (13/13) (You found it on level 3 of the Elven Halls)
 32515 | Elf:3    | 4thArraOfDagon: hmm
 32534 | Elf:3    | Turgon: Did you pick up ring MR again?
 32566 | Elf:3    | 4thArraOfDagon: naa
 33048 | Orc:2    | Bought a scroll of enchant weapon for 277 gold pieces
 33049 | Orc:2    | Bought a crude plate armour for 1036 gold pieces
 33059 | Orc:2    | Identified the +6 plate armour "Kitigestruc" {Slay+2} (You bought it in a shop on level 2 of the Orcish Mines)
 33345 | D:9      | Fell from the grace of Lugonu
 33345 | D:9      | Became a worshipper of Makhleb the Destroyer
 33503 | Vaults:1 | Entered Level 1 of the Vaults
 33614 | Vaults:1 | Reached * piety under Makhleb
 33958 | Vaults:1 | Reached ** piety under Makhleb
 34000 | Vaults:1 | Gained mutation: You are agile. (Dex +2) [mutagenic meat]
 34002 | Vaults:1 | Gained mutation: Your natural rate of healing is unusually fast. [mutagenic meat]
 34388 | Vaults:1 | Got a brightly glowing granite ring
 34395 | Vaults:1 | Identified the ring "Wicaewkieck" {rF+ MP+9} (You found it on level 1 of the Vaults)
 34563 | Vaults:1 | Reached *** piety under Makhleb
 34862 | Vaults:1 | Cast into level 3 of the Abyss (Lugonu's touch)
 34894 | Vaults:1 | Escaped the Abyss
 34962 | Vaults:2 | Reached **** piety under Makhleb
 34985 | Vaults:2 | Reached XP level 22. HP: 117/117 MP: 31/31
 35574 | Vaults:2 | Gained mutation: Your spells are a little easier to cast, but a little less powerful. [mutagenic glow]
 35768 | Vaults:2 | Noticed Mara
 35769 | Vaults:2 | Noticed 4thArraOfDagon's illusion
 35804 | Vaults:3 | Reached skill level 1 in Transmutations
 36001 | Vaults:3 | Got a scorched chain mail
 36006 | Vaults:3 | Identified the +6 chain mail of Shielding {*Contam rPois Str+8} (You found it on level 3 of the Vaults)
 36061 | Vaults:2 | Noticed Wiglaf
 36080 | Vaults:2 | Killed Wiglaf
 36249 | Vaults:2 | Noticed 4thArraOfDagon's illusion
 36614 | Vaults:2 | Noticed 4thArraOfDagon's illusion
 36743 | Vaults:2 | Reached skill level 15 in Shields
 36844 | Vaults:3 | Reached skill level 1 in Translocations
 36914 | Vaults:2 | Noticed 4thArraOfDagon's illusion
 37002 | Vaults:3 | Gained mutation: [You are weak. (Str -2)] [mutagenic glow]
 37188 | Vaults:3 | Lost mutation: You have large cloven feet. [mutagenic meat]
 37332 | Vaults:3 | Reached ***** piety under Makhleb
 37421 | Vaults:3 | Noticed Xtahua
 37452 | Vaults:3 | Killed Xtahua
 37759 | Vaults:4 | Lost mutation: [You are weak. (Str -2)] [mutagenic glow]
 37983 | Vaults:4 | Reached XP level 23. HP: 121/121 MP: 32/32
 38154 | Vaults:4 | Cast into level 4 of the Abyss (Lugonu's touch)
 38223 | Abyss:4  | Found a corrupted altar of Lugonu.
 38241 | Abyss:4  | Gained mutation: Scrolls take you a little longer to read. [a neqoxec]
 38264 | Abyss:5  | Entered Level 5 of the Abyss
 38328 | Abyss:5  | Got an abyssal rune of Zot
 38457 | Abyss:5  | Noticed a profane servitor
 38541 | Abyss:5  | WTF
 38541 | Abyss:5  | Slain by a tentacled starspawn

Vault maps used:
D:1:      dpeg_arrival_pits
D:2:      first_bread
D:3:      uniq_grinder
D:4:      okawaru_gym_becter, corexii_hall_statues_i, nicolae_elemental_shop,
          uniq_sigmund
D:5:      bloody_trog, minmay_bad_closet, kennysheep_decorative_pillar,
          grunt_decor_fettered, minmay_misc_feat_room, minivault_14,
          uniq_blork_the_orc
D:6:      minmay_temple_entry_fiery
D:8:      hangedman_little_slice_of_home
D:9:      lair_0_dummy, orc_0_dummy, jmf_multi_god_temple2
D:10:     moated_statue, kennysheep_windowed_goal
D:12:     slaughterhouse, zaba_antful_of_joy
D:13:     erik_vaults_1, uniq_frances
D:14:     kennysheep_windowed_halls, minmay_tree_intersection, serial_ice,
          serial_ice_j, serial_ice_d, serial_ice_h, serial_ice_f, serial_ice_n,
          serial_ice_m, serial_ice_a, portal_ice_cave_entry_pillars_02
D:15:     grunt_enter_depths_snipers, serial_bayou_shore_a
Lair:1:   serial_bayou_shore_b
Lair:2:   enter_volcano_4, serial_bayou_ford_a,
          eino_small_chamber_without_monster
Lair:3:   special_room, beast_lair_carwin_2
Lair:4:   special_room, st_stairs_9, grunt_megastairs_4,
          infiniplex_staircase_pool
Lair:5:   elwin_shoals_entry_stream, guppyfry_snake_entry_island
Lair:6:   grunt_megastairs_1, lemuel_fruit_tree
Lair:7:   slime_altar_2
Lair:8:   minmay_lair_end_frog_pond
Shoals:1: yaktaur_hedge
Shoals:2: serial_shops, shop, hangedman_feature_mirror,
          nicolae_shoals_flooded_hall
Shoals:3: hangedman_shoal_volcano
Shoals:4: shoals_end_simple, shoals_ilsuiw_alternative, uniq_louise
Snake:4:  snake_pit, serial_shops, nicolae_shop_window_shopping
Orc:1:    elf_legates
Orc:2:    pubby_orc_utopia, uniq_sonja, uniq_josephine, uniq_snorg, uniq_donald
Elf:1:    elf_arrival_002, serial_shops, shop, minivault_28
Elf:2:    serial_shops, shop, minivault_25
Elf:3:    elf_hall_gauntlet_wide, uniq_jorgrun, uniq_asterion
Vaults:1: hangedman_vaults_nodes, v_alt_pattern_1, grunt_vaults_trifunnel,
          hangedman_vaults_capsules, st_squares, v_rooms_6, vaults_room_boxed,
          vaults_dpeg_diagonal, v_rooms_2
Vaults:2: nicolae_vaults_branching_niches, v_misc_9,
          nicolae_vaults_little_squares_5, v_misc_30, dpeg_vaults_monster_box,
          ontoclasm_vaults_ligature, grunt_vaults_hallway_short, uniq_mara,
          uniq_wiglaf
Vaults:3: hangedman_vaults_corner_blocks, hangedman_vaults_nails,
          vaults_dpeg_doors, v_rooms_1, vaults_room_fours,
          nicolae_vaults_three_branches, vaults_room_pools,
          minmay_crypt_entry_simple_box, v_alt_pattern_4, grunt_vaults_twisty,
          ontoclasm_vaults_loading_screen, v_misc_4, vaults_dpeg_hooks,
          uniq_xtahua
Vaults:4: nicolae_vaults_little_squares_6, ontoclasm_vaults_ring_square,
          nicolae_vaults_stairing_the_circle, hangedman_vaults_snaps,
          nicolae_vaults_big_angled_halls, ontoclasm_vaults_decontamination,
          vaults_room_corners, vaults_dpeg_ring,
          nicolae_vaults_little_squares_4, vaults_room_pools,
          nicolae_vaults_little_squares_1, vaults_room_hallway,
          dpeg_vaults_monster_row, uniq_boris, uniq_sojobo
Abyss:3:  evilmike_abyss_exit_1, evilmike_abyss_exit_disperse
Abyss:4:  evilmike_abyss_rune_tso_outpost, evilmike_abyss_exit_17
Abyss:5:  grunt_abyss_rune_wretched_hive
IceCv:    ice_cave_statue_garden_01
Volcano:  volcano_pools

Skill      XL: |  1  2  3  4  5  6  7  8  9 10 11 12 13 14 15 16 17 18 19 20 21 22 |
---------------+-------------------------------------------------------------------+-----
Armour         | 1 2 3 4 5 9 |  9.4
Long Blades    | 2 3 4 5 7 8 9 10 11 12 13 14 15 16 17 18 | 18.9
Dodging        | 3 4 5 6 7 8 9 10 11 12 13 14 15 16 17 18 | 18.6
Invocations    | 3 4 5 6 7 8 9 10 11 12 | 12.0
Fighting       | 4 5 6 7 8 9 11 | 11.3
Spellcasting   | 2 3 4 |  4.3
Air Magic      | 3 |  3.2
Charms         | 3 |  3.0
Evocations     | 4 5 |  5.1
Shields        | 1 6 8 10 11 13 14 15 | 15.0
Transmutations | 3 |  3.7
Translocations | 4 |  4.0

Action                   |  1- 3 |  4- 6 |  7- 9 | 10-12 | 13-15 | 16-18 | 19-21 | 22-24 || total
-------------------------+-------+-------+-------+-------+-------+-------+-------+-------++-------
Melee: Falchion          |    71 |   136 |   586 |   898 |   175 |       |    26 |       ||  1892
       Scimitar          |       |       |       |   341 |  1264 |  2606 |  1686 |       ||  5897
       Long sword        |       |       |       |       |   140 |    26 |       |       ||   166
       Demon blade       |       |       |       |       |       |    41 |   758 |  1279 ||  2078
 Fire: Blowgun           |       |       |       |       |    15 |    18 |       |       ||    33
Throw: Throwing net      |       |       |       |     1 |     3 |    14 |    28 |       ||    46
 Cast: Repel Missiles    |       |       |       |     1 |     2 |     2 |     4 |     3 ||    12
       Apportation       |       |       |       |       |       |       |       |     2 ||     2
Invok: Depart the Abyss  |     1 |       |       |       |       |       |       |       ||     1
       Banish            |       |       |       |    10 |    19 |    14 |    12 |       ||    55
       Corrupt           |       |       |       |       |     2 |     1 |     2 |       ||     5
       Bend Space        |       |       |       |       |     1 |     6 |     1 |       ||     8
       Lesser Servant of |       |       |       |       |       |       |       |    26 ||    26
Evoke: Wand              |       |       |    14 |       |    13 |     7 |    17 |     6 ||    57
       Deck              |       |       |       |       |       |     5 |     2 |       ||     7
       Fan of gales      |       |       |       |       |       |       |       |     1 ||     1
  Use: Scroll            |     1 |     6 |     9 |    15 |     7 |    21 |    20 |     6 ||    85
       Potion            |       |     4 |       |     4 |     3 |     4 |     3 |     3 ||    21
 Stab: Paralysed         |       |       |    16 |       |    19 |       |       |       ||    35
       Held in net/web   |       |       |       |       |     2 |    12 |    13 |       ||    27
       Distracted        |       |       |       |       |       |     1 |       |    17 ||    18
  Eat: Chunk             |     7 |     6 |    17 |    27 |    72 |    79 |    81 |    33 ||   322
       Pizza             |       |       |       |       |       |     2 |       |       ||     2
       Royal jelly       |       |       |       |       |       |       |     1 |       ||     1
